AoeStats
← HR Pinkman

Arena

508139505Analyzed
4v4 RM · 11d ago on Sep 21, 2026· 52m 24s· 8 players
Game mode
Random Map
Map size
Large (8 player)
Population
200
Speed
Normal
Resources
Standard
Victory
Conquest
Starting age
Dark Age
Ending age
Imperial Age
RankedLock teamsTeams togetherTeam positionsShared explorationLock speedFull tech treeHidden civsTurbo modeCheats
Victory
Defeat
🇨🇱 Mongols · Chile
1805
+13
🇨🇱 Franks · Chile
1798
+14
🇨🇱 Georgians · Chile
1760
+15
🇨🇱 Malians · Chile
1629
+21
🇧🇷 Japanese · Brazil
1821
-19
🇦🇷 Maya · Argentina
1792
-18
🇲🇽 Dravidians · Mexico
1724
-15
🇧🇷 Saracens · Brazil
1634
-11
UA | NanitoCba
0:31 Loom
11:01 Feudal Age
14:17 Fletching
18:28 Castle Age
19:00 Double-Bit Axe
27:19 Wheelbarrow
27:57 Bodkin Arrow
30:27 Hand Cart
30:21 Horse Collar
30:54 Bow Saw
32:17 Town Watch
33:18 Gold Mining
33:18 Stone Mining
37:08 Imperial Age
35:06 Ballistics
36:26 Fortified Wall
38:37 Conscription
38:20 Bracer
38:20 Padded Archer Armor
39:39 Chemistry
40:08 Leather Archer Armor
42:47 Sappers
43:31 Pikeman
44:12 Squires
47:15 Halberdier
50:32 Forging
50:29 Heavy Plow
50:36 Scale Mail Armor
52:03 Chain Mail Armor
52:24 Iron Casting
APZz_
10:33 Feudal Age
14:10 Castle Age
11:58 Double-Bit Axe
12:15 Horse Collar
15:05 Bow Saw
14:48 Loom
24:33 Stone Mining
26:54 Wheelbarrow
26:36 Heavy Plow
28:03 Hand Cart
32:54 Imperial Age
30:31 Fletching
31:02 Ballistics
30:50 Town Watch
31:09 Bodkin Arrow
31:32 Padded Archer Armor
32:14 Thumb Ring
32:14 Gold Mining
32:42 Leather Archer Armor
32:36 Treadmill Crane
33:02 Heavy Cavalry Archer
34:08 Parthian Tactics
34:05 Bracer
35:34 Chemistry
35:16 Husbandry
36:47 Conscription
36:50 Kataparuto
36:23 Guard Tower
36:19 Arrowslits
37:18 Gold Shaft Mining
37:44 Two-Man Saw
37:31 Bloodlines
37:37 Yasama
39:17 Ring Archer Armor
39:35 Keep
39:07 Siege Engineers
39:38 Masonry
39:24 Murder Holes
42:43 Fortified Wall
43:03 Caravan
44:54 Coinage
51:33 Pikeman
52:13 Squires
52:15 Scale Mail Armor
52:25 Forging
UXKEKO
2:25 Loom
12:32 Feudal Age
16:10 Castle Age
14:18 Double-Bit Axe
14:33 Horse Collar
17:03 Bow Saw
17:13 Heavy Plow
25:03 Wheelbarrow
26:55 Hand Cart
32:14 Imperial Age
29:47 Fletching
31:06 Gold Mining
31:58 Ballistics
31:34 Bodkin Arrow
31:39 Padded Archer Armor
32:17 Stone Mining
34:21 Chemistry
33:22 Bracer
33:37 Leather Archer Armor
33:16 Elite Elephant Archer
34:50 Thumb Ring
36:05 Ring Archer Armor
39:59 Medical Corps
40:15 Conscription
46:03 Fortified Wall
Mr Diniz
10:35 Feudal Age
14:10 Castle Age
12:35 Double-Bit Axe
12:50 Horse Collar
20:45 Loom
21:38 Wheelbarrow
22:31 Stone Mining
29:22 Imperial Age
28:42 Gold Mining
29:50 Forging
32:00 Masonry
32:02 Bow Saw
32:38 Murder Holes
34:07 Iron Casting
34:10 Conscription
34:01 Bimaristan
34:45 Hand Cart
35:40 Heavy Plow
36:41 Two-Man Saw
36:17 Gold Shaft Mining
35:14 Elite Mameluke
36:22 Scale Mail Armor
37:58 Scale Barding Armor
39:10 Blast Furnace
39:27 Coinage
39:48 Chain Barding Armor
39:44 Chain Mail Armor
40:10 Husbandry
40:20 Bloodlines
41:42 Banking
44:42 Plate Mail Armor
46:28 Fletching
47:39 Chemistry
46:59 Ballistics
46:46 Siege Engineers
49:15 Light Cavalry
HR | Darkjosh89
10:51 Feudal Age
15:22 Castle Age
13:20 Double-Bit Axe
13:31 Horse Collar
16:46 Scale Mail Armor
17:11 Bow Saw
17:37 Heavy Plow
21:46 Loom
25:12 Squires
28:22 Fletching
31:09 Bodkin Arrow
36:27 Imperial Age
34:54 Scale Barding Armor
35:01 Forging
35:46 Wheelbarrow
35:02 Town Watch
35:54 Bloodlines
35:44 Husbandry
37:12 Farimba
37:06 Arson
37:00 Heavy Camel Rider
38:56 Chain Barding Armor
39:38 Conscription
40:32 Plate Barding Armor
42:16 Iron Casting
45:29 Gold Mining
45:30 Stone Mining
45:59 Light Cavalry
46:56 Hand Cart
46:26 Town Watch
50:32 Caravan
HR itu
9:57 Feudal Age
9:41 Loom
13:50 Castle Age
12:23 Double-Bit Axe
12:56 Horse Collar
15:08 Bow Saw
24:06 Wheelbarrow
24:58 Heavy Plow
26:27 Hand Cart
28:15 Gold Mining
28:16 Stone Mining
32:30 Imperial Age
30:18 Town Watch
30:26 Fletching
31:29 Ballistics
31:53 Bodkin Arrow
32:35 Capped Ram
33:46 Drill
34:20 Siege Engineers
33:41 Siege Ram
35:34 Onager
37:38 Siege Onager
41:24 Chemistry
41:02 Heavy Scorpion
HR Pinkman
6:17 Loom
6:28 Loom
8:41 Feudal Age
9:18 Double-Bit Axe
10:17 Fletching
17:10 Wheelbarrow
21:24 Castle Age
22:26 Bow Saw
27:44 Hand Cart
28:21 Town Watch
32:38 Imperial Age
30:04 Gold Mining
30:16 Scale Mail Armor
31:12 Stone Mining
31:47 Squires
31:32 Arson
32:51 Chain Mail Armor
33:03 #83
33:55 Conscription
34:08 Plate Mail Armor
33:49 Forging
34:28 Conscription
34:01 Elite Throwing Axeman
37:09 Chemistry
36:30 Ballistics
36:21 Masonry
37:13 Hoardings
37:30 Coinage
38:24 Iron Casting
39:06 Gold Shaft Mining
39:13 Architecture
41:53 Blast Furnace
41:14 Bodkin Arrow
41:40 Siege Engineers
43:22 Padded Archer Armor
44:26 Leather Archer Armor
43:51 Elite Skirmisher
neromelnick
6:06 Loom
8:23 Feudal Age
8:57 Double-Bit Axe
11:44 Fletching
12:25 Horse Collar
14:59 Wheelbarrow
21:01 Castle Age
20:38 Gold Mining
23:12 Bow Saw
24:51 Stone Mining
25:25 Town Watch
28:09 Heavy Plow
33:15 Imperial Age
31:25 Scale Barding Armor
32:12 Forging
32:30 Chain Barding Armor
32:38 Bloodlines
33:13 Hand Cart
33:18 Husbandry
33:56 Forging
34:22 Conscription
34:42 Plate Barding Armor
36:17 Aznauri Cavalry
36:15 Elite Monaspa
38:28 Iron Casting
40:14 Blast Furnace
39:10 Bodkin Arrow
40:59 Ballistics
41:04 Treadmill Crane
42:05 Caravan
42:35 Coinage
42:40 Crop Rotation
41:36 Light Cavalry
49:29 Banking
50:30 Scale Mail Armor
50:31 Padded Archer Armor
52:31 Masonry
52:26 Siege Engineers
Connection lost

Rejoining the realm…

Still unreachable

The connection could not be restored.

Session expired

The server has moved on; the page needs a fresh start.